 Dungeon Crawl Stone Soup version 0.23.2-1-ga50397a6bc (webtiles) character file.

Game seed: 756263727947116501

385 barcode the Ruffian (level 6, 0/59 HPs)
             Began as a Troll Transmuter on May 7, 2019.
             Splashed by Ijyb's acid (10 damage)
             ... on level 4 of the Dungeon.
             The game lasted 00:02:51 (2642 turns).

barcode the Ruffian (Troll Transmuter)              Turns: 2642, Time: 00:02:52

Health: 0/59       AC:  2    Str: 19    XL:     6   Next: 48%
Magic:  6/6        EV: 10    Int: 11    God:
Gold:   139        SH:  0    Dex: 10    Spells: 6/7 levels left

rFire    . . .     SeeInvis .     - Unarmed
rCold    . . .     Gourm    +   (no shield)
rNeg     . . .     Faith    .   b - +0 robe
rPois    .         Spirit   .   (helmet restricted)
rElec    .         Reflect  .   (no cloak)
rCorr    .         Harm     .   (gloves unavailable)
MR       .....                  (boots unavailable)
Stlth    +.........             (no amulet)
HPRegen  0.59/turn              (no ring)
MPRegen  0.10/turn              (no ring)

@: corroded
A: large, unfitting armour, claws 3, fast metabolism 3, gourmand, regeneration
1, shaggy fur 1, tough skin 3
a: no special abilities


You were on level 4 of the Dungeon.
You were very full.

You visited 1 branch of the dungeon, and saw 6 of its levels.

You collected 139 gold pieces.

Inventory:

Missiles
 a - 25 arrows
 i - 5 tomahawks (quivered)
Armour
 b - a +0 robe (worn)
Wands
 t - a wand of flame (7)
Scrolls
 c - 3 scrolls of amnesia {unknown}
 f - 2 scrolls of enchant weapon {unknown}
 h - 6 scrolls of identify {unknown}
 j - a scroll of enchant armour {unknown}
 k - 2 scrolls of immolation {unknown}
 l - 3 scrolls of remove curse {unknown}
 n - 2 scrolls of teleportation {unknown}
 q - a scroll of noise {unknown}
 s - a scroll of magic mapping {unknown}
 u - a scroll of fear {unknown}
Potions
 e - a potion of agility {unknown}
 g - a potion of magic {unknown}
 m - 2 potions of heal wounds {unknown}
 o - a potion of flight {unknown}
 p - a potion of haste {unknown}
 r - a potion of resistance {unknown}
Comestibles
 d - 7 rations


   Skills:
 - Level 2.5 Fighting
 - Level 1.5 Dodging
 + Level 6.7 Unarmed Combat
 - Level 1.2 Spellcasting
 - Level 1.3 Transmutations


You had 6 spell levels left.
You knew the following spells:

 Your Spells              Type           Power        Failure   Level  Hunger
a - Beastly Appendage     Tmut           #.....       19%         1    ##.....

Your spell library contained the following spells:

 Spells                   Type           Power        Failure   Level  Hunger
 Sticks to Snakes         Tmut           #.......     26%         2    ###....
 Spider Form              Tmut/Pois      #.........   56%         3    ####...
 Ice Form                 Ice/Tmut       #.......     93%         4    #####..
 Blade Hands              Tmut           #.........   99%         5    ######.


Dungeon Overview and Level Annotations

Branches:
Dungeon (6/15)
 Temple: D:4-7

Altars:

Annotations:
D:4 2 transporters, Ijyb


Innate Abilities, Weirdness & Mutations

You are too large for most types of armour.
You have claws for hands.
Your metabolism is lightning-fast.
You like to eat raw meat.
Your natural rate of healing is unusually fast.
You are covered in fur. (AC +1)
You have extremely tough skin. (AC +3)


Message History

Ijyb zaps a wand.
The bolt of acid hits you!! The acid corrodes you!
You are splashed with acid!
Found 11 gold pieces.
You are too injured to fight recklessly!
You are too injured to fight recklessly!
You are too injured to fight recklessly!
You are too injured to fight recklessly!
You are too injured to fight recklessly!
You are too injured to fight recklessly!
You are too injured to fight recklessly!
You are too injured to fight recklessly!
You are too injured to fight recklessly!
You are too injured to fight recklessly!
Evoke which item? (* to show all) (? for menu, Esc to quit)
Okay, then.
An ogre comes into view. It is wielding a +0 giant club.
You barely miss Ijyb.
Ijyb zaps a wand.
The bolt of acid hits you!
* * * LOW HITPOINT WARNING * * *
You are splashed with acid!
You die...

....... ..$....
....... .......
###....... #.
......... ### ###.
###........ ... ...
##..@g......
#.#.#.#####..#........
#...#..##...##......O.
#
#..###....####........
###...##..###
##....... ##.......##
#...... ##..#..#.#
####..
....##.#.########## ..
#.(................


You could see an ogre and Ijyb.

Vanquished Creatures
  2 ogres
  2 worker ants
  3 gnolls (D:4)
  6 adders
  An ooze (D:2)
  5 worms
  3 leopard geckos (D:2)
  5 orcs (D:3)
  A ball python (D:2)
  7 giant cockroaches
  6 goblins
  7 hobgoblins
  4 jackals (D:2)
  7 bats
  3 frilled lizards
  2 kobolds
  A leopard gecko skeleton (D:4)
  2 rats
67 creatures vanquished.

Notes
Turn   | Place    | Note
-------+----------+-------------------------------------------
     0 | D:1      | barcode the Troll Transmuter began the quest for the Orb.
     0 | D:1      | Reached XP level 1. HP: 18/18 MP: 1/1
   183 | D:1      | Reached skill level 1 in Fighting
   464 | D:1      | Reached XP level 2. HP: 27/27 MP: 2/2
   986 | D:2      | Reached XP level 3. HP: 30/35 MP: 3/3
  1097 | D:2      | Reached skill level 4 in Unarmed Combat
  1176 | D:2      | Reached XP level 4. HP: 44/44 MP: 4/4
  2006 | D:3      | Noticed an ogre
  2009 | D:3      | Killed an ogre
  2009 | D:3      | Reached skill level 5 in Unarmed Combat
  2009 | D:3      | Reached XP level 5. HP: 50/50 MP: 5/5
  2388 | D:3      | You fall through a shaft for 3 floors!
  2390 | D:6      | Noticed an orc warrior
  2403 | D:5      | Entered Level 5 of the Dungeon
  2541 | D:4      | Noticed an ogre
  2546 | D:4      | Killed an ogre
  2546 | D:4      | Reached skill level 6 in Unarmed Combat
  2546 | D:4      | Reached XP level 6. HP: 49/59 MP: 6/6
  2604 | D:4      | Found a transporter.
  2627 | D:4      | Found a transporter.
  2639 | D:4      | Noticed Ijyb
  2642 | D:4      | Splashed by Ijyb's acid

Skill      XL: |  1  2  3  4  5 |
---------------+----------------+-----
Fighting       | 1 2 |  2.5
Unarmed Combat | 4 5 6 |  6.7
Dodging        | |  1.5
Spellcasting   | |  1.2
Transmutations | |  1.3

Action                   |  1- 3 |  4- 6 || total
-------------------------+-------+-------++-------
Melee: Unarmed           |   100 |    89 ||   189
       Punch             |     2 |     2 ||     4
Throw: Tomahawk          |       |     1 ||     1
 Stab: Sleeping          |       |     1 ||     1
  Eat: Chunk             |    16 |    13 ||    29
Armor: Robe              |    41 |    23 ||    64
Dodge: Dodged            |    54 |    38 ||    92
